 Dungeon Crawl Stone Soup version 0.30-b1-2-g02819fbbbe (webtiles) character file.

Game seed: 8008940970543337953

138 Alarkh the Digger (level 5, -21/35 HPs)
             Began as a Demonspawn Earth Elementalist on May 30, 2023.
             Demolished by an ogre
             ... wielding a +0 giant spiked club
              (28 damage)
             ... on level 3 of the Dungeon.
             The game lasted 00:03:49 (2792 turns).

Alarkh the Digger (Demonspawn Earth Elementalist)   Turns: 2792, Time: 00:03:51

Health: -21/35     AC:  4    Str:  9    XL:     5   Next: 1%
Magic:  7/9        EV: 16    Int: 18    God:
Gold:   144        SH:  5    Dex: 13    Spells: 9/10 levels left

rFire   . . .        c - +1 dagger (speed)
rCold   . . .        h - +2 buckler
rNeg    . . .        a - +0 robe
rPois   .            b - +0 helmet
rElec   .            (no cloak)
rCorr   .            l - +0 pair of gloves
SInv    .            (no boots)
Will    .....        (no amulet)
Stlth   ++           (no ring)
HPRegen 0.25/turn    (no ring)
MPRegen 0.11/turn

%: no passive effects
@: agile, very slightly contaminated
A: powered by pain 2, sturdy frame 1
a: no special abilities


You were on level 3 of the Dungeon.
You visited 1 branch of the dungeon, and saw 4 of its levels.

You collected 144 gold pieces.

Inventory:

Hand Weapons
 c - a +1 dagger of speed (weapon)
 g - a +0 dagger
Armour
 a - a +0 robe (worn)
 b - a +0 helmet (worn)
 h - a +2 buckler (worn)
 l - a +0 pair of gloves (worn)
Magical Staves
 i - a staff of poison
 o - a staff of air
Jewellery
 r - a ring of magical power
Wands
 e - a wand of digging (6)
Scrolls
 f - a scroll of enchant armour
 k - a scroll of vulnerability
 p - a scroll of poison {unknown}
 q - a scroll of noise {unknown}
Potions
 d - a potion of flight
 n - a potion of magic


   Skills:
 - Level 1.7 Dodging
 - Level 1.7 Stealth
 + Level 3.1 Spellcasting
 - Level 0.8 Transmutations
 * Level 4.5 Earth Magic


You had 9 spell levels left.
You knew the following spells:

 Your Spells              Type           Power      Damage    Failure   Level
a - Sandblast             Erth           38%        2d10      3%          1

Your spell library contained the following spells:

 Spells                   Type           Power      Damage    Failure   Level
 Passwall                 Tmut/Erth      10%        N/A       12%         2
 Apportation              Tloc           4%         N/A       26%         1
 Stone Arrow              Conj/Erth      22%        3d8       30%         3
 Inner Flame              Hex/Fire       2%         N/A       58%         3
 Petrify                  Tmut/Erth      12%        N/A       63%         4
 Flame Wave               Conj/Fire      2%         2d4       94%         4
 Sticky Flame             Conj/Fire      2%         2d3       94%         4
 Alistair's Intoxication  Tmut/Pois      2%         N/A       99%         5


Dungeon Overview and Level Annotations

Branches:
Dungeon (4/15)
 Temple: D:4-7

Altars:

Shops:
D:4 (


Innate Abilities, Weirdness & Mutations

You sometimes gain power by taking damage.
Your movements are slightly less encumbered by armour. (ER -2)


Message History

An orc comes into view. It is wielding a +0 war axe.
The orc shouts!
The orc hits you with a +0 flail.
* * * LOW HITPOINT WARNING * * *
The hobgoblin closely misses you. The orc attacks as you move away!
The orc misses you. The hobgoblin closely misses you.
The orc attacks as you move away! You block the orc's attack.
The orc attacks as you move away! The orc misses you.
Found a bardiche.
The orc throws a boomerang.
The boomerang misses you.
An ogre comes into view. It is wielding a +0 giant spiked club.
The ogre shouts!
The orc throws a boomerang.
You block the boomerang.
Found 2 stones.
Okay, then.
The ogre attacks as you move away! The ogre closely misses you.
The ogre barely misses you.
There is a stone staircase leading up here.
You climb upwards.
There is a stone staircase leading down here.
Okay, then.
Casting: Sandblast (safe; 3% risk of failure)
Confirm with . or Enter, or press ? or * to list all spells.
Aiming: Sandblast (safe; 3% risk of failure)
Press: ? - help, Shift-Dir - straight line, f - ogre
Aim: an ogre, wielding a +0 giant spiked club (91% to hit)
You miscast Sandblast.
You are very lightly contaminated with residual magic.
Nothing appears to happen.
The ogre closely misses you.
Casting: Sandblast (safe; 3% risk of failure)
Confirm with . or Enter, or press ? or * to list all spells.
Aiming: Sandblast (safe; 3% risk of failure)
Press: ? - help, Shift-Dir - straight line, f/p - ogre
Aim: an ogre, wielding a +0 giant spiked club (91% to hit)
The blast of sand hits the ogre!
The ogre is moderately wounded.
The ogre hits you with a +0 giant spiked club!!
Ouch! That really hurt!
You die...

#######. #...
#. #... #.
#..# #. #..#
#. #..# ##.
#..# ##..
#O.#.#...
.##.#...
#@g......
........
####.#.##
###.###. ..
#. ## #. ##'
##.. ##... #
##....
#...####.....


You could see an ogre and a goblin.

Vanquished Creatures
  A scorpion (D:3)
  An adder (D:3)
  A white imp (D:4)
  2 worms (D:4)
  A dart slug (D:1)
  3 orcs (D:3)
  2 ball pythons
  3 endoplasms
  3 giant cockroaches
  5 goblins
  3 hobgoblins
  9 jackals
  2 quokkas (D:1)
  4 bats
  4 frilled lizards
  3 kobolds
  6 rats
53 creatures vanquished.

Notes
Turn   | Place    | Note
-------+----------+-------------------------------------------
     0 | D:1      | Alarkh the Demonspawn Earth Elementalist began the quest
                  | for the Orb.
     0 | D:1      | Reached XP level 1. HP: 13/13 MP: 3/3
   159 | D:1      | Reached skill level 3 in Earth Magic
   194 | D:1      | Gained mutation: You sometimes gain a little power by
                  | taking damage. [demonic ancestry]
   194 | D:1      | Reached XP level 2. HP: 7/19 MP: 0/5
   818 | D:1      | Reached XP level 3. HP: 24/24 MP: 4/6
  2223 | D:3      | Noticed a scorpion
  2228 | D:3      | Killed a scorpion
  2229 | D:3      | Reached skill level 4 in Earth Magic
  2229 | D:3      | Gained mutation: Your movements are slightly less
                  | encumbered by armour. (ER -2) [demonic ancestry]
  2229 | D:3      | Reached XP level 4. HP: 30/30 MP: 5/8
  2493 | D:3      | You fall into a shaft and drop 1 floor!
  2618 | D:4      | Gained mutation: You sometimes gain power by taking damage.
                  | [demonic ancestry]
  2618 | D:4      | Reached XP level 5. HP: 30/35 MP: 3/9
  2659 | D:4      | Found Fososiah's Weapon Emporium.
  2747 | D:4      | Noticed a steam dragon
  2783 | D:4      | Noticed an ogre
  2792 | D:3      | Demolished by an ogre

Illustrated notes

Levels and vault maps discovered:
D:1:      scummos_arrival_star, layout_loops_ring
D:2:      layout_loops_ring, nicolae_concentric_dashed_squares_mild
D:3:      layout_loops_corners
D:4:      layout_layer_cave, makhleb_heckhound_becter, temple_pool_b,
          enter_ossuary_1, serial_shops, nicolae_shop_back_alley_shop, shop,
          nicolae_shop_peninsula, shop, nicolae_shop_rolled_up

Skill      XL: |  1  2  3 |
---------------+----------+-----
Earth Magic    | 3 4 |  4.5
Spellcasting   | 3 |  3.1
Dodging        | |  1.7
Stealth        | |  1.7
Transmutations | |  0.8

Action                     |  1- 3 |  4- 6 || total
---------------------------+-------+-------++-------
  Melee: Unarmed           |    12 |     6 ||    18
         Dagger            |     6 |     5 ||    11
   Cast: Sandblast         |    69 |    23 ||    92
  Evoke: Wand              |       |     1 ||     1
    Use: Scroll            |     3 |     3 ||     6
         Potion            |     1 |     1 ||     2
   Stab: Sleeping          |     1 |       ||     1
 Armour: Robe              |    20 |     1 ||    21
         Skin              |       |     8 ||     8
  Dodge: Dodged            |    47 |    14 ||    61
  Block: Buckler           |     3 |     8 ||    11
